 Dungeon Crawl Stone Soup version 0.21.1-1-g345015f (webtiles) character file.

114 n0claF the Skirmisher (level 4, 0/37 HPs)
             Began as a Demonspawn Berserker on June 13, 2018.
             Was a Believer of Trog.
             Slain by an orc wizard
             ... wielding a +0 dagger
              (3 damage)
             ... on level 3 of the Dungeon.
             The game lasted 00:06:51 (1894 turns).

n0claF the Skirmisher (Demonspawn Berserker)        Turns: 1894, Time: 00:06:52

Health: 0/37       AC:  7    Str: 18    XL:     4   Next: 67%
Magic:  4/4        EV: 13    Int:  9    God:    Trog [**....]
Gold:   166        SH:  0    Dex: 12    Spells: 3/3 levels left

rFire    + . .     SeeInvis .   a - +0 hand axe
rCold    . . .     Gourm    .   (no shield)
rNeg     . . .     Faith    .   (no armour)
rPois    .         Spirit   .   e - +0 helmet
rElec    .         Reflect  .   (no cloak)
rCorr    .         Harm     .   d - +2 pair of gloves
MR       .....                  (no boots)
Stlth    +.........             (no amulet)
HPRegen  0.12/turn              (no ring)
MPRegen  0.09/turn              (no ring)

@: no status effects
A: icy blue scales 2, fire resistance 1
a: Berserk, Trog's Hand, Burn Spellbooks, Renounce Religion


You were on level 3 of the Dungeon.
You worshipped Trog.
Trog was pleased with you.
You were not hungry.

You visited 1 branch of the dungeon, and saw 3 of its levels.

You collected 166 gold pieces.

Inventory:

Hand Weapons
 a - a +0 hand axe (weapon)
Missiles
 g - 4 javelins of returning (quivered)
Armour
 b - a +0 animal skin
 d - a +2 pair of gloves (worn)
 e - a +0 helmet (worn)
 k - a +0 chain mail
Jewellery
 f - an uncursed amulet of regeneration {unknown}
Scrolls
 i - 10 scrolls of identify {unknown}
 j - a scroll of fog {unknown}
 m - a scroll of fear {unknown}
 n - 2 scrolls of remove curse {unknown}
 o - a scroll of teleportation {unknown}
Potions
 h - a potion of might {unknown}
 l - 2 potions of ambrosia {unknown}
Comestibles
 c - 5 rations


   Skills:
 + Level 3.9 Fighting
 + Level 3.5 Axes
 + Level 2.1 Armour
 + Level 2.8 Dodging


You had 3 spell levels left.
You didn't know any spells.

Dungeon Overview and Level Annotations

Branches:
Dungeon (3/15)

Altars:


Innate Abilities, Weirdness & Mutations

You are mostly covered in icy blue scales. (AC +3)
Your flesh is heat resistant. (rF+)


Message History

You bump into the rock wall.
The orc hits you but does no damage.
You bump into the rock wall.
The orc misses you.
You hit the orc but do no damage.
The orc is almost dead.
You feel less confused. The orc closely misses you. The orc barely misses you.
You hit the orc.
You kill the orc!
Trog accepts your kill.
You hear some strange, mumbled words.
A puff of flame appears from out of thin air!
The puff of flame hits you! You resist.
* * * LOW HITPOINT WARNING * * *
You start resting.
You hear some strange, mumbled words.
A magic dart appears from out of thin air!
The magic dart hits you!
* * * LOW HITPOINT WARNING * * *
You start resting.
Something hits you.
You die...

#...# ### #..#. #..
#... #.# #..# ###
#.# #..##(....) #.#
#........... #.<
#)#########.. #..
#[# #...##..
#@#########.......
#...........#.##..
###.######## #.###.
#.....# #.# #.
#.....#########.# #.
#............##.###.
#.....######.##..[..
#.....# #.##.####
####### #.....†..


There were no monsters in sight!

Vanquished Creatures
  Natasha (D:3)
  An adder (D:2)
  An ooze (D:1)
  2 worms (D:2)
  2 leopard geckos (D:1)
  2 orcs (D:3)
  6 bats
  A giant cockroach (D:1)
  8 goblins
  7 hobgoblins
  15 jackals
  A quokka (D:2)
  2 frilled lizards
  6 kobolds
  4 rats (D:1)
59 creatures vanquished.

Notes
Turn   | Place    | Note
-------+----------+-------------------------------------------
     0 | D:1      | n0claF the Demonspawn Berserker began the quest for the Orb.
     0 | D:1      | Reached XP level 1. HP: 18/18 MP: 1/1
   156 | D:1      | Gained mutation: You are partially covered in icy blue scales. (AC +2) [demonic ancestry]
   156 | D:1      | Reached XP level 2. HP: 24/24 MP: 2/2
   435 | D:1      | Gained mutation: You are mostly covered in icy blue scales. (AC +3) [demonic ancestry]
   435 | D:1      | Reached XP level 3. HP: 24/29 MP: 3/3
   497 | D:1      | Reached ** piety under Trog
  1523 | D:2      | Gained mutation: Your flesh is heat resistant. (rF+) [demonic ancestry]
  1523 | D:2      | Reached XP level 4. HP: 27/37 MP: 4/4
  1860 | D:3      | Noticed Natasha
  1882 | D:3      | Killed Natasha
  1894 | D:3      | Slain by an orc wizard

Skill      XL: |  1  2  3  4 |
---------------+-------------+-----
Dodging        | 2 |  2.8
Axes           | 3 |  3.5
Armour         | 2 |  2.1
Fighting       | |  3.9

Action                   |  1- 3 |  4- 6 || total
-------------------------+-------+-------++-------
Melee: Hand axe          |   130 |    58 ||   188
Throw: Javelin           |     4 |       ||     4
 Stab: Sleeping          |     1 |       ||     1
  Eat: Chunk             |     2 |     1 ||     3
Armor: Animal skin       |    30 |       ||    30
       Skin              |    14 |    17 ||    31
Dodge: Dodged            |    95 |    58 ||   153
